 Dungeon Crawl Stone Soup version 0.19.1 (webtiles) character file.

163 smedtjen the Skirmisher (level 5, -2/47 HPs)
             Began as a Hill Orc Abyssal Knight on Dec 15, 2016.
             Was a Believer of Lugonu.
             Slain by an orc
             ... wielding a cursed -2 hand axe
              (5 damage)
             ... on level 3 of the Dungeon.
             The game lasted 00:07:06 (2620 turns).

smedtjen the Skirmisher (Hill Orc Abyssal Knight)   Turns: 2620, Time: 00:07:07

Health: -2/47      AC:  8    Str: 15    XL:     5   Next: 44%
Magic:  6/6        EV:  5    Int: 12    God:    Lugonu [**....]
Gold:   109        SH:  3    Dex: 11    Spells: 0 memorised, 4 levels left

rFire  x . .     SeeInvis .     p - +1 mace (protect)
rCold  + . .     Gourm    .     q - +0 chain mail (curse)
rNeg   . . .     Faith    .     l - +0 buckler (curse)
rPois  .         Spirit   .     (no helmet)
rElec  .         Reflect  .     (no cloak)
rCorr  .         Harm     .     (no gloves)
MR     .....                    (no boots)
Stlth  ..........               (no amulet)
                                s - ring of ice
                                n - ring of stealth

@: very heavily drained
A: no striking features
a: Depart the Abyss, Bend Space, Renounce Religion


You were on level 3 of the Dungeon.
You worshipped Lugonu.
Lugonu was pleased with you.
You were full.

You visited 1 branch of the dungeon, and saw 3 of its levels.
You visited the Abyss 1 time.

You collected 109 gold pieces.

Inventory:

Hand Weapons
 a - a +1 hand axe
 i - a +0 spear
 p - a +1 mace of protection (weapon)
 v - a +2 dagger of draining
Missiles
 w - 3 tomahawks (quivered)
Armour
 b - a +0 leather armour
 l - a cursed +0 buckler (worn)
 q - a cursed +0 chain mail (worn)
Jewellery
 n - a ring of stealth (left hand)
 s - a ring of ice (right hand)
Wands
 u - a wand of paralysis (6/24)
Scrolls
 f - a scroll of amnesia
 g - a scroll of identify
 h - 3 scrolls of remove curse
 k - a scroll of noise
Potions
 d - 2 potions of lignification {unknown}
 e - a potion of heal wounds {unknown}
 m - a potion of agility {unknown}
 r - a potion of mutation {unknown}
Comestibles
 c - 3 bread rations
 j - a slice of pizza


   Skills:
 + Level 4.6(0.0) Fighting
 * Level 4.5(0.1) Axes
 + Level 1.8(0.0) Maces & Flails
 + Level 3.0(0.0) Armour
 + Level 1.0(0.0) Dodging
 + Level 0.5(0.0) Stealth
 + Level 1.3(0.0) Shields
 + Level 2.6(0.0) Invocations


You had 4 spell levels left.
You didn't know any spells.

Dungeon Overview and Level Annotations

Branches:
Dungeon (3/15)

Altars:


Message History

As you read the scroll labeled LYIFOV TATIV, it crumbles to dust.
It is a scroll of amnesia.
You feel forgetful for a moment. The orc hits you but does no damage.
The iguana bites you but does no damage.
As you read the scroll labeled GAMIHA PAENICRIBU, it crumbles to dust.
The scroll dissolves into smoke.
It was a scroll of fog.
The orc hits you but does no damage.
The iguana bites you but does no damage.
As you read the scroll labeled TAILIUH IPTAU, it crumbles to dust.
You assume a fearsome visage.
The iguana looks frightened!
The orc looks frightened!
The orc wizard looks frightened!
The orc looks frightened!
It was a scroll of fear.
The orc wizard casts a spell.
The orc wizard flickers and vanishes!
Deactivating autopickup; reactivate with Ctrl-A.
As you read the scroll labeled QUCAVE WEIRUZI, it crumbles to dust.
It is a scroll of enchant weapon.
Your +0 mace of protection glows red for a moment.
The orc hits you with an enchanted hand axe.
You die...

#.# .# ##
####.####..# ..
##..........# .#
...........# .#
##)##.###### .#
#.##.# ##### .#
#.##.## #...######.+
.##
##.#...###..........#
..# ..
##.#............@.###
..###..
##.#...##########o##
..(#... ##÷##### #o.#
....... ##.# ##.##
[>.⌠.<. ##.#
#b{###..oo... ##.#
##§##.o..# ##.#
##o##...## ...#
#§§#[...# ####
#l§§.⌠.##


You could see 3 orcs and a bat.

Vanquished Creatures
  Jessica (D:2)
  An orc wizard (D:3)
  4 adders
  2 oozes (D:2)
  3 dart slugs
  5 orcs (D:3)
  2 ball pythons
  3 giant cockroaches
  4 goblins
  5 hobgoblins
  3 jackals (D:1)
  3 kobolds
  10 bats
  3 frilled lizards
  3 rats
52 creatures vanquished.

Notes
Turn   | Place    | Note
-------+----------+-------------------------------------------
     0 | Abyss:1  | smedtjen the Hill Orc Abyssal Knight began the quest for the Orb.
     0 | Abyss:1  | Reached XP level 1. HP: 19/19 MP: 2/2
   114 | Abyss:1  | Noticed a raiju
   114 | Abyss:1  | Noticed a smoke demon
   118 | D:1      | Escaped the Abyss
   510 | D:1      | Reached XP level 2. HP: 23/27 MP: 3/3
   609 | D:1      | Reached * piety under Lugonu
   730 | D:1      | Reached XP level 3. HP: 30/33 MP: 4/4
  1361 | D:2      | Reached XP level 4. HP: 28/41 MP: 5/5
  1469 | D:2      | Noticed Jessica
  1474 | D:2      | Killed Jessica
  1529 | D:2      | Reached skill level 1 in Maces & Flails
  1861 | D:3      | Reached skill level 1 in Dodging
  1864 | D:3      | Reached skill level 1 in Shields
  1887 | D:3      | Reached XP level 5. HP: 30/47 MP: 6/6
  2172 | D:3      | Reached ** piety under Lugonu
  2608 | D:3      | HP: 2/47 [iguana (6)]
  2620 | D:3      | Slain by an orc

Skill      XL: |  1  2  3  4  5 |
---------------+----------------+-----
Axes           | 3 4 |  4.5
Fighting       | 4 |  4.6
Maces & Flails | 1 |  1.8
Dodging        | 1 |  1.0
Shields        | 1 |  1.3
Armour         | 3 |  3.0
Stealth        | |  0.5
Invocations    | |  2.6

Action                   |  1- 3 |  4- 6 || total
-------------------------+-------+-------++-------
Melee: Hand axe          |    47 |       ||    47
       Mace              |    75 |   118 ||   193
Invok: Depart the Abyss  |     1 |       ||     1
  Use: Scroll            |     2 |     5 ||     7
  Eat: Meat ration       |     1 |     1 ||     2
Armor: Leather armour    |    30 |       ||    30
       Chain mail        |    75 |   105 ||   180
Dodge: Dodged            |    64 |    30 ||    94
Block: Buckler           |    14 |    18 ||    32
